 Dungeon Crawl Stone Soup version 0.29-a0-521-g59ce8b2d47 (webtiles) character file.

Game seed: 12450826383515912014

1479 Morbidden the Slasher (level 8, -2/54 HPs)
             Began as a Vampire Fighter on June 1, 2022.
             Was a Follower of Cheibriados.
             Splashed by a jelly's acid (7 damage)
             ... on level 5 of the Dungeon.
             The game lasted 00:07:30 (6156 turns).

Morbidden the Slasher (Vampire Fighter)             Turns: 6156, Time: 00:07:31

Health: -2/54      AC:  1    Str: 17    XL:     8   Next: 50%
Magic:  11/11      EV: 12    Int: 13    God:    Cheibriados [*.....]
Gold:   147        SH:  5    Dex: 17    Spells: 12/12 levels left

rFire   . . .      SeeInvis +   a - +0 long sword
rCold   . . .      Faith    .   c - +0 buckler
rNeg    . . .      Spirit   .   p - +0 chain mail
rPois   .          Reflect  .   w - +1 hat
rElec   .          Harm     .   (no cloak)
rCorr   .          Rampage  .   F - +2 pair of gloves
Will    .....                   (no boots)
Stlth   ..........              (no amulet)
HPRegen 0.38/turn               o - +4 ring of protection
MPRegen 0.12/turn               z - +4 ring of evasion

@: corroded, healing quickly, very slow
A: alive, fangs 3, see invisible, vampiric 2, [frail 1]
a: Exsanguinate, Renounce Religion, Bend Time


You were on level 5 of the Dungeon.
You worshipped Cheibriados.
Cheibriados was aware of your devotion.
You visited 2 branches of the dungeon, and saw 6 of its levels.

You collected 186 gold pieces.
You spent 39 gold pieces at shops.

Inventory:

Hand Weapons
 a - a +0 long sword (weapon)
Missiles
 A - 6 curare-tipped darts (quivered)
Armour
 c - a +0 buckler (worn)
 p - a +0 chain mail (worn)
 w - a +1 hat (worn)
 F - a +2 pair of gloves (worn)
Jewellery
 o - a +4 ring of protection (left hand)
 z - a +4 ring of evasion (right hand)
Wands
 t - a wand of flame (18)
Scrolls
 f - a scroll of vulnerability {unknown}
 h - a scroll of silence {unknown}
 i - 6 scrolls of teleportation
 m - a scroll of fog {unknown}
 q - 2 scrolls of amnesia {unknown}
 r - 2 scrolls of enchant weapon {unknown}
 u - 2 scrolls of enchant armour {unknown}
 v - a scroll of immolation {unknown}
 x - a scroll of noise {unknown}
 y - a scroll of fear {unknown}
 C - 2 scrolls of blinking {unknown}
 D - a scroll of identify {unknown}
Potions
 b - 2 potions of mutation {unknown}
 d - 3 potions of might
 e - a potion of cancellation {unknown}
 g - 3 potions of curing
 j - a potion of invisibility {unknown}
 k - 2 potions of flight {unknown}
 l - a potion of magic {unknown}
 n - 2 potions of heal wounds {unknown}
 s - a potion of degeneration {unknown}
 B - a potion of attraction {unknown}
 E - 2 potions of resistance {unknown}


   Skills:
 * Level 4.4 Fighting
 * Level 7.2 Long Blades
 + Level 3.3 Armour
 * Level 3.2 Dodging
 * Level 4.4 Stealth
 + Level 3.5 Shields
 * Level 2.5 Spellcasting
 * Level 1.6 Invocations


You had 12 spell levels left.
You didn't know any spells.
Your spell library contained the following spells:

 Spells                   Type           Power      Damage    Failure   Level
 Call Canine Familiar     Summ           1%         N/A       100%        3
 Portal Projectile        Hex/Tloc       2%         N/A       100%        3
 Leda's Liquefaction      Hex/Erth       0%         N/A       100%        4


Dungeon Overview and Level Annotations

Branches:
Dungeon (5/15)             Temple (1/1) D:5

Altars:
Cheibriados
Hepliaklqana
Nemelex Xobeh
Trog
Vehumet
Xom

Shops:
D:5 *

Annotations:
D:5 Dowan, Duvessa


Innate Abilities, Weirdness & Mutations

Your natural rate of healing is accelerated.
You have razor-sharp teeth.
You have supernaturally acute eyesight. (SInv)
You are afflicted with vampirism and can become a bat while bloodless.
[You are frail. (-10% HP)]


Message History

Press: ? - help, Q - select action, (/) - cycle Shift-Dir - straight line, f - Dowan
Aim: Dowan, wielding a +0 dagger and wearing a +0 robe (wandering, hasn't noticed you, 51% to hit)
Okay, then.
Unknown command.
You see here a +0 pair of gloves.
There is a stone staircase leading down here.
You open the door.
There is an open door here.
Found 4 gold pieces.
The hound barks!
The jelly quivers.
You open the large door. You hit the hound.
The hound is lightly wounded.
The hound bites you but does no damage. The hound closely misses you.
You slash the hound! You bite the hound.
The hound is almost dead.
The hound bites you.
You slash the hound!
You kill the hound!
Cheibriados thoroughly appreciates the change of pace.
The jelly hits you. The acid corrodes you!
You are splashed with acid!
You hit the jelly.
Your hands burn!
The jelly is lightly wounded.
You block the jelly's attack.
You slash the jelly!
Your hands burn!
The jelly is severely wounded.
The jelly hits you. The acid corrodes you!
You are splashed with acid!
You hit the jelly. The acid corrodes you!
Your hands burn!
You bite the jelly, but do no damage.
The jelly is almost dead.
The jelly hits you.
You are splashed with acid!
* * * LOW HITPOINT WARNING * * *
You hit the jelly but do no damage. The acid corrodes you!
Your hands burn!
* * * LOW HITPOINT WARNING * * *
The jelly is almost dead.
The jelly hits you.
* * * LOW HITPOINT WARNING * * *
You are splashed with acid!
You die...

#.#..........[.>.# #.# #.#
#.#.######.##.#..###.# #.#
#.#..................####.#
#.#..#####.##.............#
#.#..# ##.##....######...#
#.#.## #........# ##..#
#.#.#####..##.8'8# #..#
..............#.######.#..#
##.######..#..#.@'..$..#..#
.#.## #..##.#..J.....#.##
....# #..##.#.######.#.#
....# #.....8+8# #.# ....#
#..#.....# ##.# ....##
#..##....######..# .#...#
#..##............#
.....####..#######.#.#####
.#............# #...#


You could see a jelly.

Vanquished Creatures
  Grinder (D:5)
  Edmund (D:5)
  A black bear (D:4)
  An ogre (D:5)
  Blork the orc (D:5)
  A necrophage (D:3)
  A gnoll sergeant (D:5)
  2 scorpions (D:5)
  A howler monkey (D:5)
  A gnoll shaman (D:5)
  A jelly (D:5)
  An orc priest (D:5)
  2 hounds (D:5)
  3 iguanas
  2 orc wizards (D:5)
  18 gnolls
  8 adders
  2 ufetubi
  A worm (D:4)
  2 dart slugs
  16 orcs
  3 bats
  8 endoplasms
  3 giant cockroaches
  8 goblins
  5 hobgoblins
  7 jackals
  7 kobolds
  4 quokkas
  7 ball pythons
  A frilled lizard (D:3)
  5 rats
125 creatures vanquished.

Notes
Turn   | Place    | Note
-------+----------+-------------------------------------------
     0 | D:1      | Morbidden the Vampire Fighter began the quest for the Orb.
     0 | D:1      | Reached XP level 1. HP: 17/17 MP: 1/1
   213 | D:1      | Reached XP level 2. HP: 20/23 MP: 2/2
   514 | D:1      | Gained mutation: You are afflicted with vampirism and can
                  | become a bat while bloodless. [Vampire growth]
   514 | D:1      | Reached XP level 3. HP: 27/28 MP: 3/3
  1007 | D:2      | Reached skill level 1 in Dodging
  1085 | D:2      | Reached skill level 3 in Long Blades
  1331 | D:2      | Reached XP level 4. HP: 35/35 MP: 5/5
  1653 | D:3      | Reached skill level 4 in Long Blades
  1715 | D:3      | Noticed a necrophage
  1726 | D:3      | Killed a necrophage
  1727 | D:3      | Reached skill level 1 in Spellcasting
  1727 | D:3      | Reached XP level 5. HP: 41/41 MP: 6/6
  1760 | D:3      | Found a shimmering altar of Xom.
  2318 | D:4      | Noticed a black bear
  2327 | D:4      | Killed a black bear
  2328 | D:4      | Reached skill level 5 in Long Blades
  2328 | D:4      | Reached XP level 6. HP: 40/47 MP: 6/8
  3395 | D:5      | Entered Level 5 of the Dungeon
  3398 | D:5      | Found a staircase to the Ecumenical Temple.
  3430 | D:5      | Found Bexuadip's General Store.
  3449 | Temple   | Entered the Ecumenical Temple
  3460 | Temple   | Became a worshipper of Cheibriados the Contemplative
  3484 | D:5      | Reached skill level 1 in Stealth
  3500 | D:5      | HP: 1/37 [gnoll/+2 spear of venom (3)]
  4018 | D:5      | Reached XP level 7. HP: 41/41 MP: 9/9
  4203 | D:5      | Found a large runed translucent door.
  4203 | D:5      | Found a large runed translucent door.
  4274 | D:5      | Noticed Grinder
  4275 | D:5      | Paralysed by Grinder for 3 turns
  4296 | D:5      | Killed Grinder
  4297 | D:5      | Reached skill level 6 in Long Blades
  4412 | D:5      | Noticed Dowan
  4412 | D:5      | Noticed Duvessa
  4427 | D:5      | Found a sparkling altar of Nemelex Xobeh.
  4796 | D:5      | Noticed Blork the orc
  4803 | D:5      | Killed Blork the orc
  4989 | D:5      | Reached skill level 1 in Invocations
  5111 | D:5      | Reached XP level 8. HP: 36/48 MP: 11/11
  5440 | D:5      | Reached * piety under Cheibriados
  5907 | D:5      | Noticed Edmund
  5934 | D:5      | Killed Edmund
  5935 | D:5      | Reached skill level 7 in Long Blades
  6072 | D:5      | Bought a scroll of teleportation for 39 gold pieces
  6156 | D:5      | Splashed by a jelly's acid

Illustrated notes

Levels and vault maps discovered:
D:1:      eino_arrival_cavern_e, layout_basic, corexii_leaking_fountain
D:2:      layout_basic
D:3:      layout_loops_ring, mainiacjoe_overflow_concentric_impassable,
          minmay_misc_feat_encased, minmay_misc_feat_tiny,
          palyth_stone_intersect, minmay_increasing_density
D:4:      layout_gridville
D:5:      layout_basic, jmf_multi_god_temple2, lemuel_tele_altar,
          minmay_temple_entry_glass, serial_shops, nicolae_inconvenience_store,
          hangedman_abyss_or_decor_stabs, uniq_duvessa, uniq_grinder,
          uniq_blork_the_orc, uniq_edmund
Temple:   eino_temple_scatter_basement

Skill      XL: |  1  2  3  4  5  6  7  8 |
---------------+-------------------------+-----
Fighting       | 3 4 |  4.4
Dodging        | 1 2 3 |  3.2
Long Blades    | 3 4 5 6 7 |  7.2
Spellcasting   | 1 2 |  2.5
Shields        | 3 |  3.5
Stealth        | 1 3 4 |  4.4
Armour         | 3 |  3.3
Invocations    | 1 |  1.6

Action                   |  1- 3 |  4- 6 |  7- 9 || total
-------------------------+-------+-------+-------++-------
Melee: Long sword        |   131 |   210 |   184 ||   525
       Bite              |     5 |    28 |    23 ||    56
 Abil: Exsanguinate      |       |     1 |       ||     1
       Revivify          |       |       |     1 ||     1
  Use: Potion            |       |     1 |     1 ||     2
       Scroll            |       |       |     1 ||     1
Armor: Scale mail        |    83 |    11 |       ||    94
       Chain mail        |       |   108 |   123 ||   231
Dodge: Dodged            |    59 |    83 |   142 ||   284
Block: Buckler           |    28 |    52 |    65 ||   145

Table legend: (Time is in decaauts)
 A = Elapsed time spent in this place.
 B = Non-inter-level travel time spent in this place.
 C = Inter-level travel time spent in this place.
 D = Time resting spent in this place.
 E = Time spent auto-exploring this place.
 F = Levels seen in this place.
 G = Mean time per level.
                   A        B        C        D        E       F      G
               +--------+--------+--------+--------+--------+-----+--------+
         Total |   6512 |   6302 |    210 |   1744 |   3232 |   6 | 1085.3 |
       Dungeon |   6489 |   6289 |    200 |   1744 |   3229 |   5 | 1297.8 |
        Temple |     22 |     12 |     10 |      0 |      3 |   1 |   22.0 |
               +--------+--------+--------+--------+--------+-----+--------+

Top non-repeatable levels by time:
     D:5: 2735 daAuts
     D:4: 1266 daAuts
     D:3: 994 daAuts
     D:1: 951 daAuts
     D:2: 541 daAuts
  Temple: 22 daAuts
